 Dungeon Crawl Stone Soup version 0.18.1-47-g9310371 (webtiles) character file.

1486 st0uf the Chopper (level 9, -12/68 HPs)
             Began as a Formicid Fighter on June 15, 2016.
             Was a Follower of Okawaru.
             Killed from afar by kirsanium's ghost (27 damage)
             ... with a bolt of negative energy
             ... on level 6 of the Dungeon.
             The game lasted 00:19:53 (5820 turns).

st0uf the Chopper (Formicid Fighter)                Turns: 5820, Time: 00:19:53

Health: -12/68     AC: 11    Str: 22    XL:     9   Next: 7%
Magic:  7/9        EV: 13    Int:  7    God:    Okawaru [*.....]
Gold:   347        SH: 12    Dex: 13    Spells: 0 memorised, 8 levels left

rFire  . . .     SeeInvis +     a - +0 war axe
rCold  . . .     Gourm    .     b - +0 scale mail
rNeg   . . .     Faith    .     c - +0 shield
rPois  .         Spirit   .     (helmet unavailable)
rElec  .         Dismiss  .     o - +0 cloak (curse)
rCorr  .         Reflect  .     k - +0 pair of gloves
SustAt .         Harm     .     (no boots)
MR     .....                    (no amulet)
Stlth  +.........               (no ring)
                                (no ring)

@: heroism, heavily drained, not resistant to hostile enchantments, very
unstealthy
A: permanent stasis, dig shafts and tunnels, four strong arms, antennae 3
a: Dig, Shaft Self, Heroism, Renounce Religion


You were on level 6 of the Dungeon.
You worshipped Okawaru.
Okawaru was aware of your devotion.
You were not hungry.

You visited 2 branches of the dungeon, and saw 7 of its levels.

You collected 347 gold pieces.

Inventory:

Hand Weapons
 a - a +0 war axe (weapon)
 l - a +0 hand axe of venom
 w - a +1 scythe of flaming
 F - a +0 hunting sling
 G - the +9 falchion "Killer Klown's Bane" {slice, rC+ MR+, unknown}
   (You found it on level 5 of the Dungeon)

   It inflicts extra damage upon your enemies.
   It protects you from cold.
   It affects your resistance to hostile enchantments.
Missiles
 h - 225 stones (quivered)
 j - 37 sling bullets
Armour
 b - a +0 scale mail (worn)
 c - a +0 shield (worn)
 k - a +0 pair of gloves (worn)
 o - a cursed +0 cloak (worn)
Jewellery
 L - an uncursed amulet of harm {unknown}
Wands
 n - a wand of random effects (19/48)
 r - a wand of flame (16/48)
Scrolls
 e - 2 scrolls of teleportation {unknown}
 g - 4 scrolls of identify {unknown}
 i - a scroll of immolation {unknown}
 u - 2 scrolls of blinking {unknown}
 v - a scroll of amnesia {unknown}
 y - 3 scrolls of random uselessness {unknown}
 A - 3 scrolls of magic mapping {unknown}
 B - a scroll of fog {unknown}
Potions
 d - a potion of might
 m - a potion of lignification
 s - 2 potions of agility {unknown}
 z - a potion of flight {unknown}
 D - 3 potions of curing {unknown}
 E - a potion of brilliance {unknown}
 H - a potion of haste {unknown}
 I - a potion of beneficial mutation {unknown}
 K - a potion of heal wounds
 M - a potion of cancellation {unknown}
 N - a potion of cure mutation {unknown}
Books
 t - a book of Battle

   Spells                             Type                      Level
   a - Infusion                       Charms                       1
   b - Shroud of Golubria             Charms/Translocation         2
   c - Song of Slaying                Charms                       2
   d - Spectral Weapon                Hexes/Charms                 3
   e - Regeneration                   Charms/Necromancy            3
Comestibles
 f - 2 bread rations
 p - 5 fruits
 q - 2 meat rations
 x - 3 slices of pizza
 C - a beef jerky
 J - 7 chunks of flesh


   Skills:
 + Level 5.6(8.7) Fighting
 * Level 6.8(9.8) Axes
 + Level 5.9(9.0) Armour
 + Level 2.8(6.0) Dodging
 + Level 6.5(9.5) Shields


You had 8 spell levels left.
You didn't know any spells.

Dungeon Overview and Level Annotations

Branches:
Dungeon (6/15)             Temple (1/1) D:4

Altars:
Ashenzari
Cheibriados
Dithmenos
Elyvilon
Fedhas
Gozag
Kikubaaqudgha
Makhleb
Nemelex Xobeh
Okawaru
Pakellas
Ru
Sif Muna
Trog
Vehumet
Xom
Yredelemnul
Zin
The Shining One

Shops:
D:6 *(

Annotations:
D:6 kirsanium's ghost, novice DrTm


Innate Abilities, Weirdness & Mutations

You are under a permanent stasis effect.
You can dig through walls and to a lower floor.
Your four strong arms can wield two-handed weapons with a shield.
You have a pair of large antennae on your head (SInv).


Message History

You miss kirsanium's ghost.
Kirsanium's ghost is severely damaged.
Kirsanium's ghost hits you.
* * * LOW HITPOINT WARNING * * *
You hit kirsanium's ghost.
Kirsanium's ghost is almost destroyed.
Kirsanium's ghost breathes negative energy at you.
The bolt of negative energy misses you.
You miss kirsanium's ghost.
Kirsanium's ghost is almost destroyed.
Kirsanium's ghost hits you but does no damage.
You miss kirsanium's ghost.
Kirsanium's ghost is almost destroyed.
Kirsanium's ghost screams, "To die, to sleep, no more."
Kirsanium's ghost barely misses you.
You barely miss kirsanium's ghost.
Kirsanium's ghost is almost destroyed.
Kirsanium's ghost breathes negative energy at you.
The bolt of negative energy hits you!
You feel drained.
You die...

##......###
##.##.....#### #......#
##.###.....# #......#
##.## #.....#
#..[...###.## #.....#
##......##.######.....#
......................#
.............>.)......#
.................<....##
................@........
...............W.#####...
.................# .
.......)#'##.....#
........#..+.....+
........#..#.....#
........# #.....#
##....#### ...####
.#....#..#....#


You could see kirsanium's ghost.

Vanquished Creatures
  Prince Ribbit (D:5)
  Duvessa (D:4)
  An ice beast (D:4)
  A sky beast (D:6)
  An ogre (D:4)
  A centaur (D:6)
  Dowan (D:4)
  A scorpion (D:5)
  2 crimson imps
  A hound (D:6)
  Crazy Yiuf (D:2)
  3 orc priests
  Terence (D:2)
  An iguana (D:5)
  6 orc wizards
  2 worker ants (D:5)
  A hound skeleton (D:5)
  A worker ant zombie (D:5)
  Robin (D:2)
  3 adders
  3 gnolls (D:4)
  A shadow imp (D:6)
  3 oozes
  2 worms
  3 dart slugs
  7 giant geckos
  22 orcs
  4 giant cockroaches
  14 goblins
  10 hobgoblins
  9 jackals
  4 kobolds
  A ball python (D:4)
  11 bats
  5 giant newts
  10 rats
140 creatures vanquished.

Notes
Turn   | Place    | Note
--------------------------------------------------------------
     0 | D:1      | st0uf the Formicid Fighter began the quest for the Orb.
     0 | D:1      | Reached XP level 1. HP: 18/18 MP: 1/1
   127 | D:1      | Reached XP level 2. HP: 23/24 MP: 2/2
   272 | D:1      | Reached XP level 3. HP: 27/29 MP: 3/3
   761 | D:2      | Found a white marble altar of Elyvilon.
   763 | D:2      | Noticed Robin
   790 | D:2      | Killed Robin
   809 | D:2      | Reached XP level 4. HP: 20/37 MP: 4/4
  1283 | D:2      | Noticed Terence
  1299 | D:2      | Killed Terence
  1299 | D:2      | Reached skill level 1 in Dodging
  1299 | D:2      | Reached XP level 5. HP: 35/42 MP: 5/5
  1556 | D:2      | Found a deep blue altar of Sif Muna.
  1777 | D:2      | Noticed Crazy Yiuf
  1790 | D:2      | Killed Crazy Yiuf
  2053 | D:3      | Found an oddly glowing altar of Pakellas.
  2209 | D:3      | Reached XP level 6. HP: 48/48 MP: 6/6
  2526 | D:3      | Reached skill level 5 in Shields
  2920 | D:4      | Found a shattered altar of Ashenzari.
  3024 | D:4      | Noticed an ice beast
  3031 | D:4      | Killed an ice beast
  3031 | D:4      | Reached XP level 7. HP: 26/55 MP: 7/7
  3170 | D:4      | Found a glowing golden altar of the Shining One.
  3367 | D:4      | Found a staircase to the Ecumenical Temple.
  3376 | Temple   | Entered the Ecumenical Temple
  3415 | D:4      | Noticed Duvessa
  3415 | D:4      | Noticed Dowan
  3425 | D:4      | Killed Duvessa
  3439 | D:4      | Killed Dowan
  3439 | D:4      | Reached skill level 5 in Axes
  4076 | D:5      | Entered Level 5 of the Dungeon
  4092 | D:5      | Found a shimmering altar of Xom.
  4115 | D:5      | Noticed a moth of wrath
  4134 | D:5      | Found a bloodstained altar of Trog.
  4186 | D:5      | Found a shadowy altar of Dithmenos.
  4201 | D:5      | Reached skill level 5 in Armour
  4201 | D:5      | Reached XP level 8. HP: 42/61 MP: 8/8
  4361 | D:5      | Got a shimmering falchion
  4445 | D:5      | Reached skill level 5 in Fighting
  4796 | Temple   | Became a worshipper of Warmaster Okawaru
  5100 | D:6      | Found Gaffa's Antique Weapon Shop.
  5121 | D:6      | Noticed Prince Ribbit
  5490 | D:6      | Found Nogiodgh's Assorted Antiques.
  5682 | D:6      | Noticed kirsanium's ghost (novice DrTm)
  5710 | D:5      | Killed Prince Ribbit
  5710 | D:5      | Reached * piety under Okawaru
  5710 | D:5      | Reached XP level 9. HP: 50/68 MP: 9/9
  5820 | D:6      | Killed from afar by kirsanium's ghost

Skill      XL: |  1  2  3  4  5  6  7  8 |
---------------+-------------------------+-----
Shields        | 4 5 6 |  6.5
Axes           | 3 4 5 6 |  6.8
Dodging        | 1 2 |  2.8
Fighting       | 4 5 |  5.6
Armour         | 4 5 |  5.9

Action                   |  1- 3 |  4- 6 |  7- 9 || total
-------------------------+-------+-------+-------++-------
Melee: War axe           |    83 |   146 |   293 ||   522
       Hand axe          |       |    30 |       ||    30
Invok: Heroism           |       |       |     2 ||     2
 Abil: Dig               |     2 |     6 |     4 ||    12
  Use: Potion            |       |     3 |       ||     3
  Eat: Chunk             |       |     8 |    10 ||    18
Armor: Scale mail        |    23 |    73 |   106 ||   202
Dodge: Dodged            |    21 |    50 |    77 ||   148
Block: Shield            |    35 |    84 |   150 ||   269
